 Dungeon Crawl Stone Soup version 0.18-a0-921-g28655ce (webtiles) character file.

258 Gorice the Sneak (level 5, -4/25 HPs)
             Began as a Felid Wanderer on Dec 26, 2015.
             Slain by a giant frog (9 damage)
             ... on level 6 of the Dungeon on Dec 27, 2015.
             The game lasted 00:21:00 (5894 turns).

Gorice the Sneak (Felid Wanderer)                   Turns: 5894, Time: 00:21:00

Health: -4/25      AC:  2    Str:  8    XL:     5   Next: 94%
Magic:  6/6        EV: 20    Int: 12    God:
Gold:   282        SH:  0    Dex: 19    Spells: 0 memorised, 4 levels left
                                        Lives:  0   Deaths: 1

rFire  . . .     SeeInvis +       - Unarmed
rCold  . . .     Gourm    .     (armour unavailable)
rNeg   . . .     Faith    .     (shield unavailable)
rPois  .         Spirit   .     (helmet unavailable)
rElec  .         Dismiss  .     (cloak unavailable)
rCorr  .         Reflect  .     (gloves unavailable)
SustAt .         Harm     .     (boots unavailable)
MR     .....                    (no amulet)
Stlth  ++++......               (no ring)
                                (no ring)

@: quick, not resistant to hostile enchantments, stealthy
A: no armour, no weapons or thrown items, claws 1, fangs 3, see invisible,
carnivore 3, speed 1, shaggy fur 2, slow metabolism 1, sharp paws
a: no special abilities


You were on level 6 of the Dungeon.
You were full.

You visited 1 branch of the dungeon, and saw 6 of its levels.

You collected 282 gold pieces.

Inventory:

Wands
 e - a wand of polymorph (0/24)
Scrolls
 c - a scroll of noise {unknown}
 i - a scroll of identify
 j - 2 scrolls of magic mapping {!r}
Potions
 b - 2 potions of curing
 g - a potion of might {!q}
 l - 2 potions of ambrosia {!q}
Comestibles
 d - 3 meat rations {!e}


   Skills:
 + Level 4.8 Fighting
 + Level 4.6 Dodging
 + Level 5.4 Stealth
 + Level 5.4 Unarmed Combat
 - Level 1.1 Evocations


You had 4 spell levels left.
You didn't know any spells.

Dungeon Overview and Level Annotations

Branches:
Dungeon (6/15)
 Temple: D:4-7

Altars:
Cheibriados
Gozag
Kikubaaqudgha
Nemelex Xobeh
Qazlal

Annotations:
D:2 Jessica
D:3 George's ghost, amateur GrFi
D:4 cluie's ghost, amateur DsFE
D:5 pUX, Sigmund


Innate Abilities, Weirdness & Mutations

You cannot wear armour.
You are incapable of wielding weapons or throwing items.
You have sharp claws.
You have razor-sharp teeth.
You have supernaturally acute eyesight.
You are carnivorous and can eat meat at any time.
You cover ground quickly.
You are covered in thick fur (AC +2).
You have a slow metabolism.
Your sharp claws are effective at attacking unaware monsters.


Message History

Found an escape hatch in the floor.
l - 2 potions of ambrosia {!q} (gained 1)
A giant frog comes into view.
There is an escape hatch in the floor here.
The giant frog croaks.
Found a short sword.
You claw the giant frog! Your claw misses the giant frog.
The giant frog is moderately wounded.
The giant frog hits you.
Damage: 1 (max 1)
You closely miss the giant frog.
The giant frog is moderately wounded.
The giant frog completely misses you. The giant frog closely misses you.
You barely miss the giant frog.
The giant frog is moderately wounded.
The giant frog closely misses you.
You closely miss the giant frog.
The giant frog is moderately wounded.
The giant frog misses you.
You scratch the giant frog. Your bite misses the giant frog.
The giant frog is heavily wounded.
The giant frog completely misses you. The giant frog hits you!
Damage: 7 (max 7)
You closely miss the giant frog.
The giant frog is heavily wounded.
The giant frog misses you.
You claw the giant frog!
The giant frog is almost dead.
The giant frog hits you.
Damage: 5 (max 7)
You closely miss the giant frog.
The giant frog is almost dead.
The giant frog completely misses you.
You barely miss the giant frog. Your bite misses the giant frog.
The giant frog is almost dead.
The giant frog hits you.
* * * LOW HITPOINT WARNING * * *
The giant frog hits you.
* * * LOW HITPOINT WARNING * * *
You are too injured to fight recklessly!
Damage: 7 (max 7)
You are too injured to fight recklessly!
You are too injured to fight recklessly!
You are too injured to fight recklessly!
You are too injured to fight recklessly!
You are too injured to fight recklessly!
You scratch the giant frog.
The giant frog is almost dead.
The giant frog hits you!
You die...

.... .... ..... ..
.....# .#.. ).....####
... .........###.#
#..F......#
.##...@.....# ..
.............####.####.#
........................
..........>............
....#####.............#
.... #......####....#
... .# #.....## #...# ..
...#.....# #...##
.........# ###....##


You could see a giant frog.

Vanquished Creatures
  A centaur (D:5)
  A scorpion (D:3)
  5 hounds
  2 orc priests
  7 adders
  An adder skeleton (D:5)
  An adder zombie (D:5)
  2 worms (D:3)
  13 orcs
  8 bats
  6 giant cockroaches
  9 hobgoblins
  10 jackals
  3 quokkas
  A ball python (D:1)
  A giant gecko (D:2)
  A giant gecko skeleton (D:4)
  7 giant newts
  4 goblins
  7 kobolds
  12 rats
102 creatures vanquished.

Notes
Turn   | Place    | Note
--------------------------------------------------------------
     0 | D:1      | Gorice the Felid Wanderer began the quest for the Orb.
     0 | D:1      | Gorice set off with: a potion of heal wounds {!q}, a potion of curing, a potion of lignification {!q}, a meat ration {!e}
     0 | D:1      | Reached XP level 1. HP: 10/10 MP: 2/2
    78 | D:1      | HP: 3/10 [jackal (1)]
    89 | D:1      | Reached skill level 1 in Dodging
   568 | D:1      | Reached skill level 3 in Stealth
   568 | D:1      | Reached XP level 2. HP: 14/14 MP: 3/3
   894 | D:1      | HP: 4/14 [giant cockroach (2)]
   899 | D:1      | HP: 3/14 [kobold/stone (1)]
  1297 | D:1      | Reached XP level 3. HP: 12/17 MP: 4/4
  1661 | D:2      | Noticed Jessica
  1906 | D:2      | Found a sparkling altar of Nemelex Xobeh.
  2308 | D:2      | Found an ancient bone altar of Kikubaaqudgha.
  2440 | D:2      | Reached skill level 2 in Dodging
  2682 | D:3      | Noticed George's ghost (amateur GrFi)
  2919 | D:2      | HP: 3/17 [orc priest/divine providence (12)]
  2922 | D:2      | Reached XP level 4. HP: 12/21 MP: 5/5
  3419 | D:2      | HP: 5/22 [hound (5)]
  3717 | D:2      | Reached skill level 3 in Dodging
  3717 | D:2      | Reached XP level 5. HP: 18/25 MP: 6/6
  3917 | D:2      | Upgraded the game from 0.18-a0-917-g8a3da5b to 0.18-a0-921-g28655ce
  3926 | D:3      | Reached skill level 4 in Fighting
  3926 | D:3      | Reached skill level 4 in Stealth
  4063 | D:3      | HP: 5/25 [orc/club (5)]
  4562 | D:3      | Found an opulent altar of Gozag.
  4968 | D:3      | Found a stormy altar of Qazlal.
  5019 | D:3      | Reached skill level 5 in Unarmed Combat
  5019 | D:3      | Gained mutation: You are covered in thick fur (AC +2). [Felid growth]
  5019 | D:3      | Reached XP level 6. HP: 29/29 MP: 7/7
  5110 | D:4      | Reached skill level 4 in Dodging
  5201 | D:4      | Found a snail-covered altar of Cheibriados.
  5302 | D:4      | Noticed cluie's ghost (amateur DsFE)
  5327 | D:4      | Reached skill level 5 in Stealth
  5626 | D:5      | Entered Level 5 of the Dungeon
  5784 | D:5      | Noticed a wolf
  5784 | D:5      | an ogre changed into a wolf
  5789 | D:5      | HP: 7/30 [wolf (12)]
  5790 | D:5      | HP: 1/30 [wolf (6)]
  5795 | D:5      | HP: 9/30 [wolf (4)]
  5798 | D:5      | Noticed Sigmund
  5803 | D:5      | Noticed Sigmund
  5803 | D:5      | Sigmund changed into Sigmund the steam dragon
  5805 | D:5      | HP: 5/30 [something/ball of steam (8)]
  5808 | D:5      | HP: 2/30 [killer bee (4)]
  5808 | D:5      | Slain by a killer bee
  5809 | D:5      | Reached XP level 5. HP: -4/25 MP: 6/6
  5893 | D:6      | HP: 7/25 [giant frog (5)]
  5894 | D:6      | Slain by a giant frog

Vault maps used:
D:1:      dpeg_arrival_rhombi, kennysheep_decorative_pillar
D:2:      gammafunk_temple_overflow_pools, nemelex_lonely_heart_becter,
          uniq_jessica
D:3:      nicolae_qazlal_general_emergency, grunt_gozag_breadcrumbs
D:4:      cheibriados_altar_1, first_bread
D:5:      grunt_decor_fettered, item_on_display_a, uniq_sigmund
D:6:      old_standard_altar, basic_altar

Action                   |  1- 3 |  4- 6 || total
-------------------------+-------+-------++-------
Melee: Unarmed           |   125 |   190 ||   315
Evoke: Wand              |       |     5 ||     5
  Use: Potion            |     3 |     3 ||     6
       Scroll            |       |    12 ||    12
 Stab: Sleeping          |    12 |     9 ||    21
       Distracted        |       |     2 ||     2
  Eat: Chunk             |    11 |     8 ||    19

Table legend:
 A = Turns spent in this place as a percentage of turns spent in the entire game.
 B = Non-inter-level travel turns spent in this place as a percentage of non-inter-level travel turns spent in the entire game.
 C = Inter-level travel turns spent in this place as a percentage of turns spent in this place.
 D = Turns resting spent in this place as a percentage of non-inter-level travel turns spent in this place.
 E = Turns spent auto-exploring this place as a percentage of non-inter-level travel turns spent in this place.
 F = Non-inter-level travel turns spent in this place divided by the number of levels of this place that you've seen.
                   A       B       C       D       E      F
               +-------+-------+-------+-------+-------+----------------------
         Total | 100.0 | 100.0 |   0.8 |   3.3 |   4.0 | 319.5
       Dungeon | 100.0 | 100.0 |   0.8 |   3.3 |   4.0 | 319.5
               +-------+-------+-------+-------+-------+----------------------

Vault maps used:
D:1:      dpeg_arrival_rhombi, kennysheep_decorative_pillar
D:2:      gammafunk_temple_overflow_pools, nemelex_lonely_heart_becter,
          uniq_jessica
D:3:      nicolae_qazlal_general_emergency, grunt_gozag_breadcrumbs
D:4:      cheibriados_altar_1, first_bread
D:5:      grunt_decor_fettered, item_on_display_a, uniq_sigmund
D:6:      old_standard_altar, basic_altar
